 Dungeon Crawl Stone Soup version 0.19.4-10-g532645f (webtiles) character file.

3295 Gargoyl the Covered (level 10, -1/84 HPs)
             Began as a Ghoul Abyssal Knight on Feb 25, 2017.
             Was a Priest of Lugonu.
             Slain by AlexALEX2's ghost (14 damage)
             ... on level 8 of the Dungeon.
             The game lasted 00:16:37 (8330 turns).

Gargoyl the Covered (Ghoul Abyssal Knight)          Turns: 8330, Time: 00:16:38

Health: -1/84      AC: 19    Str: 18    XL:     10   Next: 1%
Magic:  13/13      EV:  6    Int:  7    God:    Lugonu [***...]
Gold:   323        SH:  0    Dex: 14    Spells: 0 memorised, 9 levels left

rFire  . . .     SeeInvis .     C - +3 battleaxe (drain)
rCold  + . .     Gourm    .     k - +0 plate armour
rNeg   + + +     Faith    .     (shield currently unavailable)
rPois  ∞         Spirit   .     g - +0 helmet
rElec  .         Reflect  .     (no cloak)
rCorr  .         Harm     .     (no gloves)
MR     .....                    (no boots)
Stlth  ..........               (no amulet)
                                b - +5 ring of protection
                                d - +4 ring of dexterity

@: rotting
A: rotting body, claws 1, carnivore 3, cold resistance 1, negative energy
resistance 3, slow regeneration 1, torment resistance, unbreathing
a: Depart the Abyss, Bend Space, Banish, Renounce Religion


You were on level 8 of the Dungeon.
You worshipped Lugonu.
Lugonu was most pleased with you.
You were not hungry.

You visited 1 branch of the dungeon, and saw 8 of its levels.
You visited the Abyss 1 time.

You collected 323 gold pieces.

Inventory:

Hand Weapons
 a - a +1 hand axe
 C - a +3 battleaxe of draining (weapon)
Missiles
 n - 5 tomahawks (quivered)
Armour
 e - a +1 buckler of fire resistance
 g - a +0 helmet (worn)
 k - a +0 plate armour (worn)
Jewellery
 b - a +5 ring of protection (right claw)
 d - a +4 ring of dexterity (left claw)
 m - an uncursed ring of positive energy {unknown}
 t - an uncursed ring of protection from cold
 w - a cursed ring of teleportation {unknown}
Wands
 o - a wand of lightning (3/15)
 u - a wand of confusion (27/48)
 x - a wand of iceblast (11/15)
Scrolls
 f - 5 scrolls of remove curse
 i - 4 scrolls of teleportation
 l - a scroll of fear
 p - a scroll of amnesia
 r - a scroll of recharging
 v - a scroll of blinking
Potions
 h - a potion of heal wounds
 q - a potion of flight
 z - 2 potions of agility {unknown}
 A - a potion of degeneration {unknown}
 B - a potion of might
Comestibles
 c - 4 meat rations
 j - 2 slices of pizza
 s - a chunk of flesh


   Skills:
 + Level 6.4 Fighting
 + Level 7.1 Axes
 + Level 0.3 Throwing
 * Level 7.2 Armour
 + Level 1.9 Dodging
 + Level 2.9 Shields
 * Level 6.3 Invocations


You had 9 spell levels left.
You didn't know any spells.

Dungeon Overview and Level Annotations

Branches:
Dungeon (8/15)             Temple (0/1) D:5
   Lair: D:8-11

Altars:
Cheibriados
Dithmenos
Fedhas
Hepliaklqana
Qazlal
Ru
Trog
Uskayaw
Vehumet
The Shining One

Annotations:
D:8 AlexALEX2's ghost, novice DEWz
Abyss:1 Pikel


Innate Abilities, Weirdness & Mutations

Your body is rotting away.
You thrive on raw meat.
You are immune to poison.
You have sharp fingernails.
You are carnivorous and can eat meat at any time.
Your flesh is cold resistant. (rC+)
You are immune to negative energy. (rN+++)
You regenerate slowly when monsters are visible.
You are immune to unholy pain and torment.
You can survive without breathing.


Message History

AlexALEX2's ghost is moderately damaged.
AlexALEX2's ghost hits you but does no damage.
You slash AlexALEX2's ghost!
AlexALEX2's ghost is heavily damaged.
AlexALEX2's ghost hits you but does no damage.
You are electrocuted!
AlexALEX2's ghost hits you.
You are electrocuted!
* * * LOW HITPOINT WARNING * * *
You slash AlexALEX2's ghost!
AlexALEX2's ghost is severely damaged.
AlexALEX2's ghost casts a spell at you. The magic dart hits you!
Your plate armour prevents you from hitting AlexALEX2's ghost.
AlexALEX2's ghost is severely damaged.
AlexALEX2's ghost gestures at you while chanting.
The ball explodes into a vile cloud!
The stinking cloud engulfs you!
The stinking cloud engulfs AlexALEX2's ghost.
AlexALEX2's ghost appears unharmed.
AlexALEX2's ghost hits you but does no damage.
You are electrocuted!
You die...

(#####.###.#..# #..
#.###.)..# #..
#.##.....# #..
...#####.##....######.
............#.........
..######.##....######.
#.##.#.## ##
..#.#########.##.#.# .
.......YW@§..##.#.# #
# #...###########.#.#
#.#.#...# #(#.#
#.#.#...#### #.#.#
...........# #####.#..
#.# #...........#
#.....### #.#
#.#.........# #.#####
#.# #.####...##.# #.#
#.# ## #.# #...##.#
#.# #.# #.


You could see an ice beast and AlexALEX2's ghost.

Vanquished Creatures
  A two-headed ogre (D:8)
  Grinder (D:5)
  Sigmund (D:6)
  Eustachio (D:5)
  A water moccasin (D:5)
  A sky beast (D:7)
  4 slaves
  A black bear (D:6)
  4 ice beasts (D:6)
  2 ogres
  A phantom (D:4)
  A centaur (D:5)
  6 bullfrogs
  The ghost of Rrauwl the Magician, an amateur DEWz (D:3)
  3 howler monkeys
  A quasit (D:5)
  3 crimson imps (D:7)
  4 hounds
  A jelly (D:5)
  An orc priest (D:6)
  A centaur skeleton (D:5)
  An orc wizard (D:6)
  3 worker ants
  A worker ant zombie (D:6)
  Robin (D:4)
  11 adders
  2 shadow imps
  An adder skeleton (D:5)
  3 worms
  A dart slug (D:2)
  4 leopard geckos (D:2)
  11 orcs
  8 bats
  3 giant cockroaches
  5 hobgoblins
  19 jackals
  7 kobolds
  2 quokkas
  2 ball pythons (D:2)
  4 frilled lizards
  A giant cockroach zombie (D:5)
  12 goblins
  A leopard gecko zombie (D:6)
  A quokka zombie (D:5)
  3 rats (D:1)
147 creatures vanquished.

Vanquished Creatures (others)
  2 orc warriors
2 creatures vanquished.

Grand Total: 149 creatures vanquished

Notes
Turn   | Place    | Note
-------+----------+-------------------------------------------
     0 | Abyss:1  | Gargoyl the Ghoul Abyssal Knight began the quest for the Orb.
     0 | Abyss:1  | Reached XP level 1. HP: 19/19 MP: 1/1
    81 | Abyss:1  | Noticed a freezing wraith
    92 | Abyss:1  | Noticed a smoke demon
    95 | D:1      | Escaped the Abyss
   309 | D:1      | Reached XP level 2. HP: 13/26 MP: 2/2
   673 | D:1      | Reached skill level 1 in Dodging
   742 | D:1      | Reached * piety under Lugonu
   742 | D:1      | Reached XP level 3. HP: 27/31 MP: 3/3
  1453 | D:2      | Reached XP level 4. HP: 37/40 MP: 5/5
  1977 | D:2      | Reached ** piety under Lugonu
  2469 | D:3      | Reached XP level 5. HP: 21/46 MP: 6/6
  2498 | D:3      | Found a sacrificial altar of Ru.
  2882 | D:4      | Noticed a phantom
  2955 | D:4      | Killed a phantom
  3116 | D:4      | Noticed an ogre
  3126 | D:4      | Killed an ogre
  3126 | D:4      | Reached XP level 6. HP: 12/52 MP: 7/7
  3218 | D:4      | Noticed Robin
  3694 | D:3      | Noticed Rrauwl's ghost (amateur DEWz)
  3738 | D:3      | Killed Rrauwl's ghost
  3738 | D:3      | Reached XP level 7. HP: 30/60 MP: 7/9
  3850 | D:4      | Killed Robin
  4187 | D:5      | Entered Level 5 of the Dungeon
  4203 | D:5      | Found a staircase to the Ecumenical Temple.
  4268 | D:5      | Noticed Pikel
  4679 | D:4      | You fall through a shaft!
  4679 | D:5      | Noticed Grinder
  4703 | D:5      | Paralysed by Grinder for 4 turns
  4728 | D:5      | Paralysed by Grinder for 3 turns
  4742 | D:5      | Paralysed by Grinder for 6 turns
  4752 | D:5      | Paralysed by Grinder for 5 turns
  4759 | D:5      | Killed Grinder
  5130 | D:5      | Reached skill level 5 in Armour
  5130 | D:5      | Reached XP level 8. HP: 61/65 MP: 10/10
  5176 | D:5      | Reached *** piety under Lugonu
  5215 | D:5      | Reached skill level 5 in Fighting
  5256 | D:5      | Found a blossoming altar of Fedhas.
  5415 | D:4      | Found a hazy altar of Hepliaklqana.
  5477 | D:4      | Banished Pikel
  5477 | D:4      | Reached skill level 5 in Axes
  5669 | D:5      | Noticed Eustachio
  5672 | D:5      | Found a glowing golden altar of the Shining One.
  5710 | D:5      | Killed Eustachio
  5710 | D:5      | Reached skill level 1 in Shields
  5710 | D:5      | Reached skill level 5 in Invocations
  5901 | D:6      | Noticed Sigmund
  6000 | D:5      | Reached XP level 9. HP: 49/72 MP: 12/12
  6111 | D:6      | Killed Sigmund
  6614 | D:6      | Found a hide-covered altar of Uskayaw.
  7143 | D:7      | Found a shadowy altar of Dithmenos.
  7437 | D:7      | Found a bloodstained altar of Trog.
  7442 | D:7      | Found a radiant altar of Vehumet.
  7442 | D:7      | Found a stormy altar of Qazlal.
  7447 | D:7      | Found a snail-covered altar of Cheibriados.
  8184 | D:8      | Identified a scroll of acquirement
  8311 | D:8      | Noticed a two-headed ogre
  8313 | D:8      | Noticed AlexALEX2's ghost (novice DEWz)
  8317 | D:8      | Killed a two-headed ogre
  8317 | D:8      | Reached XP level 10. HP: 63/84 MP: 13/13
  8330 | D:8      | Slain by AlexALEX2's ghost

Skill      XL: |  1  2  3  4  5  6  7  8  9 |
---------------+----------------------------+-----
Armour         | 2 3 5 6 7 |  7.2
Dodging        | 1 |  1.9
Axes           | 2 3 4 5 7 |  7.1
Fighting       | 4 5 6 |  6.4
Invocations    | 3 4 5 6 |  6.3
Shields        | 1 2 |  2.9
Throwing       | |  0.3

Action                   |  1- 3 |  4- 6 |  7- 9 | 10-12 || total
-------------------------+-------+-------+-------+-------++-------
Melee: Hand axe          |   108 |   230 |   630 |       ||   968
       Battleaxe         |       |       |     5 |     7 ||    12
Throw: Tomahawk          |       |     2 |       |       ||     2
Invok: Depart the Abyss  |     1 |       |       |       ||     1
       Banish            |       |       |     3 |       ||     3
  Use: Scroll            |     2 |     4 |     9 |       ||    15
       Potion            |       |     4 |     2 |       ||     6
  Eat: Chunk             |    15 |    24 |    40 |     3 ||    82
       Meat ration       |       |       |     1 |       ||     1
Armor: Leather armour    |    48 |     4 |       |       ||    52
       Plate armour      |       |   119 |   548 |    11 ||   678
       Scale mail        |       |    27 |       |       ||    27
Dodge: Dodged            |    92 |    66 |   176 |     1 ||   335
Block: Buckler           |       |       |   106 |       ||   106
